 Dungeon Crawl Stone Soup version 0.18-a0-1702-gd20c6a5 (webtiles) character file.

3558 namelastname112 the Martial Artist (level 9, -8/71 HPs)
             Began as a Demonspawn Monk on Apr 7, 2016.
             Was an Initiate of Ru.
             Mangled by a reaper
             ... wielding a +5 scythe of venom
             ... summoned by the power of Zot
              (16 damage)
             ... in a bailey.
             The game lasted 00:15:15 (8917 turns).

namelastname112 the Martial Artist (DsMo)           Turns: 8917, Time: 00:15:16

Health: -8/71      AC: 13    Str: 15    XL:     9   Next: 83%
Magic:  0/18       EV: 14    Int: 11    God:    Ru [......]
Gold:   521        SH:  2    Dex: 16    Spells: 0 memorised, 8 levels left

rFire  + . .     SeeInvis .       - Unarmed
rCold  + . .     Gourm    .     x - +3 ring mail {rF+}
rNeg   . . .     Faith    .     (no shield)
rPois  .         Spirit   +     A - +0 hat
rElec  .         Dismiss  .     H - +0 cloak
rCorr  .         Reflect  .     (no gloves)
SustAt .         Harm     .     r - +0 pair of boots
MR     .....                    (no amulet)
Stlth  +.........               q - ring of magical power
                                (no ring)

@: not resistant to hostile enchantments, very unstealthy
A: claws 2, horns 1, large bone plates 1, cold resistance 1, foul stench 1,
magic shield, rot immunity
a: Renounce Religion


You were in a bailey.
You worshipped Ru.
Ru was noncommittal.
You were not hungry.

You visited 2 branches of the dungeon, and saw 10 of its levels.
You also visited: Sewer and Bailey.

You collected 521 gold pieces.

Inventory:

Armour
 r - a +0 pair of boots (worn)
 x - a +3 ring mail of fire resistance (worn)
 A - a +0 hat (worn)
 H - a +0 cloak (worn)
 J - the +2 ring mail "Seuph" {*Confuse rN+ rCorr SInv, unknown}
   (You found it in a bailey)

   It protects you from negative energy.
   It lets you see invisible.
   It protects you from acid and corrosion.
   It may confuse you when you take damage.
Jewellery
 a - an uncursed ring of flight
 q - a ring of magical power (right claw)
Wands
 s - a wand of digging (11/24)
 v - a wand of iceblast (7/15)
 C - a wand of iceblast (12/15)
 G - a wand of iceblast (8/15)
Scrolls
 c - 3 scrolls of remove curse
 d - 2 scrolls of identify
 e - a scroll of enchant armour
 f - 3 scrolls of immolation
 h - a scroll of amnesia
 k - a scroll of magic mapping
 l - 2 scrolls of enchant weapon
 m - 2 scrolls of random uselessness {unknown}
 u - 2 scrolls of recharging
 y - a scroll of teleportation {unknown}
 I - a scroll of vulnerability {unknown}
Potions
 g - 2 potions of invisibility {unknown}
 i - a potion of ambrosia
 j - 2 potions of lignification
 o - 2 potions of berserk rage
 p - 3 potions of might
 w - 2 potions of cure mutation
 E - a potion of brilliance
Books
 F - a book of Frost

   Spells                             Type                      Level
   a - Freeze                         Ice                          1
   b - Throw Frost                    Conjuration/Ice              2
   c - Ozocubu's Armour               Charms/Ice                   3
   d - Throw Icicle                   Conjuration/Ice              4
   e - Summon Ice Beast               Ice/Summoning                4
Comestibles
 b - 5 bread rations
 n - a royal jelly
 z - 2 meat rations
 B - 2 slices of pizza


   Skills:
 + Level 6.8 Fighting
 + Level 5.6 Armour
 + Level 6.6 Dodging
 - Level 1.7 Stealth
 * Level 9.0 Unarmed Combat


You had 8 spell levels left.
You didn't know any spells.

Dungeon Overview and Level Annotations

Branches:
Dungeon (9/15)             Temple (1/1) D:7
   Lair: D:8-11         Orc: D:9-12

Altars:
Ashenzari
Cheibriados
Dithmenos
Elyvilon
Fedhas
Gozag
Kikubaaqudgha
Makhleb
Nemelex Xobeh
Okawaru
Qazlal
Ru
Sif Muna
Trog
Vehumet
Xom
Yredelemnul
Zin
The Shining One

Shops:
D:6 [

Annotations:
D:4 azaza322's ghost, amateur GrFi


Innate Abilities, Weirdness & Mutations

You have very sharp fingernails.
You are partially covered in large bone plates (AC +2, SH +2).
You may emit foul miasma when damaged in melee.
When hurt, damage is shared between your health and your magic reserves.
You are immune to rotting.
You have a pair of small horns on your head.
Your flesh is cold resistant.


Message History

The reaper hits you from afar with a scythe of venom!
* * * LOW HITPOINT WARNING * * *
You are more poisoned.
Drink which item? (? for menu, Esc to quit)
You feel better. The goblin closely misses you.
The hobgoblin closely misses you. x2
Read which item? (? for menu, Esc to quit)
As you read the scroll labeled DOSAQ ZYBORYX, it crumbles to dust.
It is a scroll of amnesia.
You feel forgetful for a moment. The goblin misses you.
You block the hobgoblin's attack.
The reaper hits you from afar with a scythe of venom!!
* * * LOW HITPOINT WARNING * * *
You are lethally poisoned!
Drink which item? (? for menu, Esc to quit)
You feel better. The hobgoblin barely misses you.
You block the hobgoblin's attack. The goblin hits you but does no damage.
The goblin looks sick.
The reaper hits you from afar with a scythe of venom!
You die...

#.......# #.8.8.8.+ ..#
≈≈ #..))...#####'######≈
≈ ....#)...#.[#.#%%#.≈
≈≈ )...#....#[[#g#%%#.
≈≈≈ #####....#..#o#..#
≈≈≈≈ )..##....#..#.#§§#
≈≈≈≈≈
)..##....#)##o##g#.≈≈≈≈≈
⌠..##.._.#.))∩og@#∩≈≈≈≈≈
...##....#'##.##g#.≈≈≈≈≈
...##....#..#.#2§# ≈≈≈≈≈
#####....#..#.#..# ≈≈≈≈
... #....#))#.#..#. ≈≈≈
....#....#))#.#..#.≈ ≈≈
#.......#####'######≈ ≈
#.8.8.8.'.)...# ≈≈
#.......#.)...#


You could see a reaper, an orc warrior, 2 hobgoblins and a goblin.

Vanquished Creatures
  Pikel (D:8)
  2 kobold demonologists (Bailey)
  3 sky beasts
  3 orc warriors (Bailey)
  A slave (D:8)
  An ice beast (D:7)
  4 ogres
  3 centaurs
  3 giant frogs
  A wyvern zombie (D:6)
  A wyvern skeleton (D:8)
  2 scorpions
  A howler monkey (D:6)
  2 jellies (D:7)
  2 orc priests
  2 centaur zombies
  3 hounds
  Crazy Yiuf (D:7)
  2 giant frog skeletons
  4 orc wizards
  2 iguanas (D:7)
  2 worker ants
  2 killer bee zombies
  6 gnolls
  13 adders
  An adder skeleton (D:8)
  2 worms
  8 giant geckos
  33 orcs
  4 bats
  10 giant cockroaches
  11 goblins
  10 hobgoblins
  13 jackals
  4 kobolds
  6 quokkas
  4 ball pythons
  14 giant newts
  A quokka skeleton (D:6)
  6 rats
  2 butterflies (D:7)
196 creatures vanquished.

Notes
Turn   | Place    | Note
--------------------------------------------------------------
     0 | D:1      | namelastname112 the Demonspawn Monk began the quest for the Orb.
     0 | D:1      | Reached XP level 1. HP: 18/18 MP: 1/1
     0 | D:1      | Wingboner: Мутера бери!
     0 | D:1      | jacquesderrida: demayne...
     0 | D:1      | Wingboner: Тот же монк, но лучше.
     0 | D:1      | namelastname112: не хочу мутера
     0 | D:1      | jacquesderrida: Мутер для лохов
     0 | D:1      | namelastname112: я грейтмонка сделать пытаюсь
    14 | D:1      | Wingboner: Кек.
    76 | D:1      | jacquesderrida: Патер лудьтьцьше
   408 | D:1      | Found a sparkling altar of Nemelex Xobeh.
   688 | D:1      | Gained mutation: When hurt, damage is shared between your health and your magic reserves. [demonic ancestry]
   688 | D:1      | Reached XP level 2. HP: 17/24 MP: 2/2
  1269 | D:2      | Reached skill level 1 in Armour
  1405 | D:2      | Reached skill level 4 in Unarmed Combat
  1405 | D:2      | Reached XP level 3. HP: 12/29 MP: 1/3
  1766 | D:2      | Found an opulent altar of Gozag.
  1766 | D:2      | Found a bloodstained altar of Trog.
  1827 | D:2      | Found a shimmering altar of Xom.
  1866 | D:2      | Wingboner: Я спать пойду, пожалуй. Успехов.
  1941 | D:2      | jacquesderrida: Зах
  1941 | D:2      | namelastname112: давай
  1941 | D:2      | jacquesderrida: В 12 часов!!
  2300 | D:2      | jacquesderrida: СОНЯ ЧЕ ЛЬ
  2353 | D:3      | Wingboner: Нет, просто я ночное животное.
  2400 | D:3      | Wingboner: Сплю днём.
  2467 | D:3      | jacquesderrida: МДА!
  2470 | D:3      | Reached XP level 4. HP: 17/35 MP: 2/4
  2695 | D:3      | Wingboner: Всё, уполз.
  2834 | D:3      | jacquesderrida: prekol
  2860 | D:3      | Gained mutation: You have sharp fingernails. [demonic ancestry]
  2860 | D:3      | Reached XP level 5. HP: 9/41 MP: 5/5
  3020 | D:3      | jacquesderrida: lale
  3118 | D:3      | namelastname112: цап царап
  3161 | D:3      | jacquesderrida: Пильцы-гвозди
  3380 | D:3      | Found a white marble altar of Elyvilon.
  3384 | D:3      | Found a snail-covered altar of Cheibriados.
  3389 | D:3      | Found a burning altar of Makhleb.
  3654 | D:3      | Noticed an ogre
  3679 | D:3      | HP: 2/42 [ogre/giant club (14)]
  3680 | D:3      | Killed an ogre
  3680 | D:3      | Reached skill level 5 in Unarmed Combat
  4207 | D:4      | Noticed azaza322's ghost (amateur GrFi)
  4211 | D:5      | Entered Level 5 of the Dungeon
  4215 | D:5      | Gained mutation: You are immune to rotting. [demonic ancestry]
  4215 | D:5      | Reached XP level 6. HP: 37/48 MP: 6/6
  4423 | D:5      | Found a deep blue altar of Sif Muna.
  4578 | D:5      | Found a shattered altar of Ashenzari.
  5405 | D:5      | Noticed a sky beast
  5447 | D:5      | Killed a sky beast
  5451 | D:5      | Gained mutation: Your flesh is cold resistant. [mutagenic meat]
  5452 | D:5      | Gained mutation: You have a pair of small horns on your head. [mutagenic meat]
  5563 | D:6      | Gained mutation: You may emit foul miasma when damaged in melee. [demonic ancestry]
  5563 | D:6      | Reached XP level 7. HP: 44/55 MP: 7/7
  6058 | D:6      | Reached skill level 6 in Unarmed Combat
  6182 | D:6      | Found a glowing drain.
  6196 | Sewer    | Entered a sewer
  6519 | D:6      | Reached skill level 5 in Fighting
  6560 | D:6      | Gained mutation: You are partially covered in large bone plates (AC +2, SH +2). [demonic ancestry]
  6560 | D:6      | Reached XP level 8. HP: 61/62 MP: 8/8
  6689 | D:6      | Found Zeni's Armour Shop.
  6706 | D:7      | Found a blossoming altar of Fedhas.
  6941 | D:7      | Reached skill level 5 in Dodging
  6941 | D:7      | Reached skill level 7 in Unarmed Combat
  7149 | D:7      | Found a glowing silver altar of Zin.
  7149 | D:7      | Found a stormy altar of Qazlal.
  7149 | D:7      | Found a basalt altar of Yredelemnul.
  7409 | D:7      | Noticed Crazy Yiuf
  7416 | D:7      | Killed Crazy Yiuf
  7474 | D:7      | Found a staircase to the Ecumenical Temple.
  7490 | Temple   | Entered the Ecumenical Temple
  7616 | Temple   | Became a worshipper of Ru the Awakened
  7718 | D:7      | Gained mutation: You have very sharp fingernails. [demonic ancestry]
  7718 | D:7      | Reached XP level 9. HP: 63/69 MP: 9/9
  8171 | D:8      | Noticed Pikel
  8191 | D:8      | Killed Pikel
  8191 | D:8      | Reached skill level 5 in Armour
  8191 | D:8      | Reached skill level 8 in Unarmed Combat
  8397 | D:9      | Found a flagged portal.
  8402 | Bailey   | Entered a bailey
  8614 | Bailey   | Found an iron altar of Okawaru.
  8614 | Bailey   | Noticed a kobold demonologist
  8614 | Bailey   | Noticed a kobold demonologist
  8641 | Bailey   | Killed a kobold demonologist
  8667 | Bailey   | Noticed an orange demon
  8680 | Bailey   | Killed a kobold demonologist
  8885 | Bailey   | Reached skill level 9 in Unarmed Combat
  8891 | Bailey   | Got a spiked ring mail
  8907 | Bailey   | Noticed a reaper
  8916 | Bailey   | HP: 1/71 [reaper/scythe of venom[the power of Zot] (27)]
  8917 | Bailey   | Mangled by a reaper

Vault maps used:
D:1:      minmay_arrival_four_houses, hex_large, kennysheep_crisscross,
          nemelex_xobeh_ov_fountains_minmay
D:2:      xom_teletrap_fun, gammafunk_temple_overflow_elements,
          minmay_bad_closet
D:3:      minmay_overflow_temple_star_quad, hangedman_decor_growths,
          minmay_tree_intersection
D:4:      first_bread, serial_bayou_lake_a
D:5:      lemuel_round_altar, evilmike_ruin_ashenzari
D:6:      portal_sewer_entry_f, serial_shops, kennysheep_mini_moat
D:7:      gammafunk_temple_overflow_claw, minmay_temple_entry_butterflies,
          fedhas_bush_and_centaur_altar, uniq_crazy_yiuf_cottage
D:8:      uniq_pikel
D:9:      kennysheep_windowed_halls, hiddenorc2_lemuel, enter_bailey_2
Temple:   chambers_temple_10
Sewer:    sewer_frog_island_01
Bailey:   bailey_axe_of_yendor_kennysheep, bailey

Skill      XL: |  1  2  3  4  5  6  7  8  9 |
---------------+----------------------------+-----
Armour         | 1 2 3 4 5 |  5.6
Unarmed Combat | 4 5 6 7 9 |  9.0
Dodging        | 3 4 5 6 |  6.6
Fighting       | 4 5 6 |  6.8
Stealth        | |  1.7

Action                   |  1- 3 |  4- 6 |  7- 9 || total
-------------------------+-------+-------+-------++-------
Melee: Unarmed           |   131 |   222 |   426 ||   779
Invok: Reject Sacrifices |       |       |     1 ||     1
 Abil: Evoke Flight      |       |       |     1 ||     1
  Use: Potion            |       |     3 |     3 ||     6
       Scroll            |       |       |    16 ||    16
 Stab: Sleeping          |     4 |       |     1 ||     5
  Eat: Chunk             |     5 |    12 |    11 ||    28
